 Dungeon Crawl Stone Soup version 0.29.1-2-gbd0b4ee654 (webtiles) character file.

Game seed: 12079083486468464116

21 LustLizard the Insei (level 2, 0/23 HPs)
             Began as a Demigod Transmuter on Dec 1, 2022.
             Slain by a jackal (3 damage)
             ... on level 2 of the Dungeon.
             The game lasted 00:01:51 (1394 turns).

LustLizard the Insei (Demigod Transmuter)           Turns: 1394, Time: 00:01:52

Health: 0/23       AC:  2    Str: 11    XL:     2   Next: 45%
Magic:  5/7        EV:  9    Int: 15    God:
Gold:   120        SH:  0    Dex: 14    Spells: 2/5 levels left

rFire   . . .      SeeInvis .   d - +0 dagger
rCold   . . .      Faith    .   (no shield)
rNeg    . . .      Spirit   .   a - +0 robe
rPois   .          Reflect  .   (helmet currently unavailable)
rElec   .          Harm     .   (no cloak)
rCorr   .          Rampage  .   (no gloves)
Will    .....                   (boots currently unavailable)
Stlth   +.........              (no amulet)
HPRegen 0.07/turn               (no ring)
MPRegen 0.10/turn               (no ring)

@: appendages (expiring), wereblooded, constricted
A: horns 2, talons 2, high MP 1, forlorn, divine attributes
a: End Transformation


You were on level 2 of the Dungeon.
You had temporarily grown beastly horns and talons.
You visited 1 branch of the dungeon, and saw 2 of its levels.

You collected 120 gold pieces.

Inventory:

Hand Weapons
 d - a +0 dagger (weapon)
Armour
 a - a +0 robe (worn)
Scrolls
 c - a scroll of blinking {unknown}
 e - a scroll of vulnerability {unknown}
 g - a scroll of amnesia {unknown}
 h - 2 scrolls of enchant armour {unknown}
 i - a scroll of enchant weapon {unknown}
Potions
 b - a potion of lignification
 f - a potion of degeneration {unknown}
 j - a potion of curing {unknown}


   Skills:
 + Level 1.2 Fighting
 - Level 1.7 Dodging
 * Level 3.0 Unarmed Combat
 + Level 2.0 Spellcasting
 * Level 2.2 Transmutations


You had 2 spell levels left.
You knew the following spells:

 Your Spells              Type           Power      Damage    Failure   Level
a - Beastly Appendage     Tmut           16%        N/A       9%          1
b - Wereblood             Tmut           8%         N/A       14%         2

Your spell library contained the following spells:

 Spells                   Type           Power      Damage    Failure   Level
 Spider Form              Tmut/Pois      4%         N/A       38%         3
 Ice Form                 Ice/Tmut       4%         N/A       80%         4


Dungeon Overview and Level Annotations

Branches:
Dungeon (2/15)

Shops:
D:1 [


Innate Abilities, Weirdness & Mutations

You have temporarily grown beastly horns and talons.
You have an increased reservoir of magic. (+10% MP)
You shall have no god before yourself.
Your divine heritage dramatically boosts your attributes as you level up.


Message History

Unknown command.
You hit the hobgoblin. Your headbutt misses the hobgoblin.
The hobgoblin is lightly wounded.
The hobgoblin hits you but does no damage.
The bat barely misses you. The ball python closely misses you.
The ball python constricts you. The ball python bites you.
You hit the hobgoblin.
The hobgoblin is moderately wounded.
The bat barely misses you. The ball python barely misses you.
The ball python constricts you. The ball python misses you.
The hobgoblin hits you.
You hit the hobgoblin.
The hobgoblin is heavily wounded.
The bat closely misses you.
The jackal bites you but does no damage.
The ball python bites you. The ball python constricts you.
* * * LOW HITPOINT WARNING * * *
The ball python bites you but does no damage.
A ball python comes into view.
The hobgoblin barely misses you. The jackal bites you.
* * * LOW HITPOINT WARNING * * *
The ball python hisses angrily.
You hit the hobgoblin but do no damage. Your kick misses the hobgoblin.
The hobgoblin is heavily wounded.
The bat hits you but does no damage. The ball python closely misses you.
The ball python barely misses you. The ball python constricts you.
* * * LOW HITPOINT WARNING * * *
A jackal comes into view.
The hobgoblin barely misses you. The jackal barely misses you.
The ball python bites you.
* * * LOW HITPOINT WARNING * * *
The ball python constricts you.
* * * LOW HITPOINT WARNING * * *
The ball python bites you but does no damage.
The jackal barks!
You hit the hobgoblin.
You feel a bit better.
You kill the hobgoblin!
You howl as the wereblood boils in your veins!
The bat hits you but does no damage. The jackal bites you.
You die...

#### ##. . ..#.
## ...#.######
### #.#.$......
....#.......S..
......S.....#
#.S@h...#
#.b........
..........###
...#.....[.....
##............h
##.........###
#......#..#
###........


You could see 2 jackals, a bat and 3 ball pythons.

Vanquished Creatures
  A dart slug (D:1)
  A goblin (D:1)
  2 hobgoblins
  4 jackals (D:1)
  2 kobolds (D:1)
  2 quokkas (D:1)
  A ball python (D:1)
  3 bats (D:1)
  2 rats (D:1)
18 creatures vanquished.

Notes
Turn   | Place    | Note
-------+----------+-------------------------------------------
     0 | D:1      | LustLizard the Demigod Transmuter began the quest for the
                  | Orb.
     0 | D:1      | Reached XP level 1. HP: 15/15 MP: 5/5
    61 | D:1      | Reached skill level 1 in Fighting
   724 | D:1      | Reached XP level 2. HP: 21/23 MP: 5/7
   763 | D:1      | Learned a level 2 spell: Wereblood
   806 | D:1      | Reached skill level 3 in Unarmed Combat
  1037 | D:1      | Found Vageatyr's Antique Armour Shop.
  1393 | D:2      | HP: 1/23 [constriction (1)]
  1394 | D:2      | Slain by a jackal

Illustrated notes

Levels and vault maps discovered:
D:1:      dpeg_arrival_central, layout_basic, serial_shops, shop_coins
D:2:      layout_loops_ring, minmay_misc_feat_diagonals

Skill      XL: |  1  2 |
---------------+-------+-----
Fighting       | 1 |  1.2
Transmutations | 2 |  2.2
Unarmed Combat | 3 |  3.0
Spellcasting   | 2 |  2.0
Dodging        | |  1.7

Action                   || total
-------------------------++-------
Melee: Unarmed           ||    15
       Dagger            ||    39
       Kick              ||    12
       Headbutt          ||     2
 Cast: Beastly Appendage ||    11
       Wereblood         ||     3
 Stab: Sleeping          ||     1
Armor: Robe              ||    21
Dodge: Dodged            ||    50
